| TOP OF THE 1ST |
|
Missoula Osprey batting - Pitching for Bristol Pirates : RHP Jason Kaufman
|
|
Pitching: RHP Jason Kaufman
|
|
|
Batting: RHB Hyeok Shon
|
0-0: Ball 1-0: Ball 2-0: Ball 3-0: Called Strike 3-1: Base on Balls
|
|
Batting: RHB Isaiah Hampton
|
0-0: Ball 1-0: Bunt missed! 1-1: Bunt missed! 1-2: SINGLE (Groundball, 56D, EV 105.6 MPH) Hyeok Shon to second
|
|
Batting: LHB Danny Salas
|
0-0: Ball 1-0: Ball 2-0: Ball 3-0: Called Strike 3-1: Foul Ball, location: 2F 3-2: Foul Ball, location: 2F 3-2: Strikes out looking
|
|
Batting: LHB Nelson Pelico
|
0-0: 3-RUN HOME RUN (Line Drive, 89XD, EV 107.5 MPH), Distance : 402 ft
|
|
Batting: RHB Jimmy McIntosh
|
0-0: Ball 1-0: Fly out, F7 (Line Drive, 7D, EV 98.8 MPH)
|
|
Batting: RHB Claude Leduc
|
0-0: Foul Ball, location: 2F 0-1: Ball 1-1: Ball 2-1: Ground out 4-3 (Groundball, 4, EV 90.6 MPH)
|
| Top of the 1st over - 3 runs, 2 hits, 0 errors, 0 left on base; Missoula 3 - Bristol 0 |
| BOTTOM OF THE 1ST |
|
Bristol Pirates batting - Pitching for Missoula Osprey : RHP Jason Maki
|
|
Pitching: RHP Jason Maki
|
|
|
Batting: SHB Don Hauk
|
0-0: Ball 1-0: Ball 2-0: Foul Ball, location: 2F 2-1: Foul Ball, location: 2F 2-2: Ball 3-2: Foul Ball, location: 2F 3-2: SINGLE (Groundball, 25, EV 68.8 MPH) (infield hit)
|
|
Batting: RHB Alex Arzate
|
0-0: Foul Ball, location: 2F 0-1: Fly out, F8 (Flyball, 78S, EV 98.8 MPH)
|
|
Batting: LHB Josh Aerni
|
0-0: Called Strike 0-1: Ball 1-1: Swinging Strike 1-2: Ball 2-2: Foul Ball, location: 2F 2-2: Ball 3-2: Foul Ball, location: 2F 3-2: Fly out, F8 (Flyball, 78D, EV 91.2 MPH)
|
|
Batting: RHB Ricky Alvarado
|
0-0: Ball 1-0: DOUBLE (Line Drive, 8RXD, EV 106.2 MPH) Don Hauk to third
|
|
Batting: RHB Hector Barajas
|
0-0: Swinging Strike 0-1: 3-RUN HOME RUN (Flyball, 7D, EV 99.4 MPH), Distance : 383 ft
|
|
Batting: RHB Rusty Trader
|
0-0: Called Strike 0-1: Called Strike 0-2: Ball 1-2: SINGLE (Groundball, 56D, EV 96.2 MPH)
|
|
Batting: LHB Kazuyoshi Ikeda
|
0-0: Ball 1-0: Called Strike 1-1: Called Strike 1-2: Ball 2-2: Fly out, F8 (Flyball, 8LD, EV 93.8 MPH)
|
| Bottom of the 1st over - 3 runs, 4 hits, 0 errors, 1 left on base; Missoula 3 - Bristol 3 |
| TOP OF THE 2ND |
|
Missoula Osprey batting - Pitching for Bristol Pirates : RHP Jason Kaufman
|
|
Batting: RHB Juan Mejia
|
0-0: Foul Ball, location: 2F 0-1: Ball 1-1: Ball 2-1: Foul Ball, location: 2F 2-2: Reached on error, E3 (Groundball, 3S, EV 85.0 MPH)
|
|
Batting: RHB Jose Cuellar
|
0-0: Called Strike 0-1: Foul Ball, location: 2F 0-2: Ball 1-2: Ball 2-2: Fly out, F5 (Line Drive, 5L, EV 63.8 MPH)
|
|
Batting: RHB Dave Beerman
|
0-0: Foul Ball, location: 2F 0-1: Foul Ball, location: 2F 0-2: Ball 1-2: Fielders Choice at 2nd, 3-6 (Groundball, 3, EV 80.0 MPH)
|
|
Batting: RHB Hyeok Shon
|
0-0: Called Strike 0-1: DOUBLE (Line Drive, 78D, EV 105.0 MPH) Dave Beerman to third
|
|
Batting: RHB Isaiah Hampton
|
0-0: Called Strike 0-1: Fly out, F7 (Flyball, 7S, EV 91.9 MPH)
|
| Top of the 2nd over - 0 runs, 1 hit, 1 error, 2 left on base; Missoula 3 - Bristol 3 |
| BOTTOM OF THE 2ND |
|
Bristol Pirates batting - Pitching for Missoula Osprey : RHP Jason Maki
|
|
Batting: RHB Hidesuke Yoshida
|
0-0: Ball 1-0: Ball 2-0: Ball 3-0: Base on Balls
|
|
Batting: SHB Juan Ayala
|
0-0: Ball Hidesuke Yoshida steals 2nd base 1-0: Ball 2-0: Ball Wild Pitch! Hidesuke Yoshida to third 3-0: Base on Balls
|
|
Batting: SHB Don Hauk
|
0-0: Called Strike 0-1: SINGLE (Groundball, 56D, EV 108.8 MPH) Hidesuke Yoshida scores Juan Ayala to second
|
|
Batting: RHB Alex Arzate
|
0-0: Swinging Strike 0-1: TRIPLE (Line Drive, 9LD, EV 100.6 MPH) Juan Ayala scores Don Hauk scores
|
|
Pitching: RHP Jon Wernli
|
|
|
Batting: LHB Josh Aerni
|
0-0: Ball 1-0: Swinging Strike 1-1: Swinging Strike 1-2: Ball 2-2: Ball 3-2: Foul Ball, location: 2F 3-2: Base on Balls
|
|
Batting: RHB Ricky Alvarado
|
0-0: Fly out, F9 (Line Drive, 89M, EV 89.4 MPH) Runner from 3rd tags up, SCORES, no throw by RF
|
|
Batting: RHB Hector Barajas
|
0-0: Fielders Choice at 2nd, 6-4 (Groundball, 6, EV 110.0 MPH)
|
|
Batting: RHB Rusty Trader
|
0-0: Ball 1-0: Called Strike 1-1: Foul Ball, location: 2F 1-2: Foul Ball, location: 2F 1-2: Ball 2-2: Ball 3-2: Foul Ball, location: 2F 3-2: Strikes out swinging
|
| Bottom of the 2nd over - 4 runs, 2 hits, 0 errors, 1 left on base; Missoula 3 - Bristol 7 |
| TOP OF THE 3RD |
|
Missoula Osprey batting - Pitching for Bristol Pirates : RHP Jason Kaufman
|
|
Batting: LHB Danny Salas
|
0-0: Fly out, F7 (Flyball, 7, EV 90.0 MPH)
|
|
Batting: LHB Nelson Pelico
|
0-0: Called Strike 0-1: Ball 1-1: SINGLE (Line Drive, 8RS, EV 98.1 MPH)
|
|
Batting: RHB Jimmy McIntosh
|
0-0: Ball 1-0: Ball 2-0: Ball 3-0: Called Strike 3-1: Called Strike 3-2: Base on Balls Nelson Pelico to second
|
|
Batting: RHB Claude Leduc
|
0-0: Foul Ball, location: 2F 0-1: Ball 1-1: Ball 2-1: Ball 3-1: Swinging Strike 3-2: Base on Balls Nelson Pelico to third Jimmy McIntosh to second
|
|
Batting: RHB Juan Mejia
|
0-0: Called Strike 0-1: Ball 1-1: Swinging Strike 1-2: Ball 2-2: Foul Ball, location: 2F 2-2: Strikes out swinging
|
|
Batting: RHB Jose Cuellar
|
0-0: Called Strike 0-1: Ball 1-1: Ball 2-1: Fielders Choice at 2nd, 6-4 (Groundball, 6, EV 100.6 MPH)
|
| Top of the 3rd over - 0 runs, 1 hit, 0 errors, 3 left on base; Missoula 3 - Bristol 7 |
| BOTTOM OF THE 3RD |
|
Bristol Pirates batting - Pitching for Missoula Osprey : RHP Jon Wernli
|
|
Batting: LHB Kazuyoshi Ikeda
|
0-0: Ball 1-0: Called Strike 1-1: Ball 2-1: Ball 3-1: Base on Balls
|
|
Batting: RHB Hidesuke Yoshida
|
0-0: Fly out, F8 (Flyball, 8LD, EV 100.0 MPH)
|
|
Batting: SHB Juan Ayala
|
0-0: Foul Ball, location: 2F 0-1: Called Strike 0-2: Strikes out swinging Kazuyoshi Ikeda is caught stealing 2nd base 2-6 Batter strikes out.
|
| Bottom of the 3rd over - 0 runs, 0 hits, 0 errors, 0 left on base; Missoula 3 - Bristol 7 |
| TOP OF THE 4TH |
|
Missoula Osprey batting - Pitching for Bristol Pirates : RHP Jason Kaufman
|
|
Batting: RHB Dave Beerman
|
0-0: SOLO HOME RUN (Flyball, 8RXD, EV 108.8 MPH), Distance : 428 ft
|
|
Batting: RHB Hyeok Shon
|
0-0: Called Strike 0-1: Called Strike 0-2: Foul Ball, location: 2F 0-2: Ball 1-2: Ball 2-2: Ball 3-2: SOLO HOME RUN (Flyball, 7D, EV 98.8 MPH), Distance : 375 ft
|
|
Pitching: RHP Nick Lockwood
|
|
|
Batting: RHB Isaiah Hampton
|
0-0: Foul Ball, location: 2F 0-1: Foul Ball, location: 2F 0-2: Ball 1-2: Ball 2-2: Fly out, F8 (Flyball, 8LM, EV 78.1 MPH)
|
|
Batting: LHB Danny Salas
|
0-0: Called Strike 0-1: Swinging Strike 0-2: Ball 1-2: Foul Ball, location: 2F 1-2: Ball 2-2: Foul Ball, location: 2F 2-2: SINGLE (Groundball, 56S, EV 73.1 MPH) (infield hit)
|
|
Batting: LHB Nelson Pelico
|
0-0: Called Strike 0-1: Ball 1-1: Ball 2-1: Ball 3-1: Base on Balls Danny Salas to second
|
|
Batting: RHB Jimmy McIntosh
|
0-0: Ball 1-0: Ball 2-0: Foul Ball, location: 2F 2-1: Called Strike 2-2: Foul Ball, location: 2F 2-2: Ball 3-2: Strikes out swinging
|
|
Batting: RHB Claude Leduc
|
0-0: Ball 1-0: Ball 2-0: Ball 3-0: Called Strike 3-1: Fielders Choice at 2nd, 6-4 (Groundball, 6, EV 84.4 MPH)
|
| Top of the 4th over - 2 runs, 3 hits, 0 errors, 2 left on base; Missoula 5 - Bristol 7 |
| BOTTOM OF THE 4TH |
|
Bristol Pirates batting - Pitching for Missoula Osprey : RHP Jon Wernli
|
|
Batting: SHB Don Hauk
|
0-0: SINGLE (Groundball, 6MD, EV 109.4 MPH) (infield hit)
|
|
Batting: RHB Alex Arzate
|
0-0: Grounds into double play, 4-6-3 (Groundball, 4S, EV 86.2 MPH)
|
|
Batting: LHB Josh Aerni
|
0-0: Ball 1-0: Ball 2-0: Foul Ball, location: 2F 2-1: Foul Ball, location: 2F 2-2: Foul Ball, location: 2F 2-2: Foul Ball, location: 2F 2-2: Foul Ball, location: 2F 2-2: Strikes out looking
|
| Bottom of the 4th over - 0 runs, 1 hit, 0 errors, 0 left on base; Missoula 5 - Bristol 7 |
| TOP OF THE 5TH |
|
Missoula Osprey batting - Pitching for Bristol Pirates : RHP Nick Lockwood
|
|
Batting: RHB Juan Mejia
|
0-0: Ball 1-0: Ball 2-0: Called Strike 2-1: Called Strike 2-2: Strikes out looking
|
|
Batting: RHB Jose Cuellar
|
0-0: Ball 1-0: Foul Ball, location: 2F 1-1: Ball 2-1: Fly out, F3 (Popup, 3, EV 71.9 MPH)
|
|
Batting: RHB Dave Beerman
|
0-0: Ball 1-0: Swinging Strike 1-1: Ball 2-1: Ball 3-1: Base on Balls
|
|
Batting: RHB Hyeok Shon
|
0-0: Ball 1-0: Foul Ball, location: 2F 1-1: Called Strike Dave Beerman steals 2nd base 1-2: Ball 2-2: Ball 3-2: Foul Ball, location: 2F 3-2: Base on Balls
|
|
Batting: RHB Isaiah Hampton
|
0-0: Swinging Strike 0-1: Ball 1-1: Called Strike 1-2: Strikes out swinging
|
| Top of the 5th over - 0 runs, 0 hits, 0 errors, 2 left on base; Missoula 5 - Bristol 7 |
| BOTTOM OF THE 5TH |
|
Bristol Pirates batting - Pitching for Missoula Osprey : RHP Jon Wernli
|
|
Batting: RHB Ricky Alvarado
|
0-0: Ball 1-0: Ball 2-0: Called Strike 2-1: Swinging Strike 2-2: Fly out, F7 (Flyball, 7D, EV 100.6 MPH)
|
|
Batting: RHB Hector Barajas
|
0-0: SINGLE (Line Drive, 3D, EV 99.4 MPH)
|
|
Pitching: RHP Ramiz JambakurIan
|
|
|
Batting: RHB Rusty Trader
|
0-0: Ball 1-0: Ball 2-0: Foul Ball, location: 2F 2-1: Foul Ball, location: 2F 2-2: Hit by Pitch Hector Barajas to second
|
|
Batting: LHB Kazuyoshi Ikeda
|
0-0: Swinging Strike 0-1: Ball 1-1: Foul Ball, location: 2F 1-2: Strikes out swinging
|
|
Batting: RHB Hidesuke Yoshida
|
0-0: Ball 1-0: Ball 2-0: Ball 3-0: Base on Balls Hector Barajas to third Rusty Trader to second
|
|
Batting: SHB Juan Ayala
|
0-0: Foul Ball, location: 2F 0-1: Fly out, F8 (Flyball, 8LXD, EV 101.2 MPH)
|
| Bottom of the 5th over - 0 runs, 1 hit, 0 errors, 3 left on base; Missoula 5 - Bristol 7 |
| TOP OF THE 6TH |
|
Missoula Osprey batting - Pitching for Bristol Pirates : RHP Nick Lockwood
|
|
Batting: LHB Danny Salas
|
0-0: Called Strike 0-1: Called Strike 0-2: Foul Ball, location: 2F 0-2: Ball 1-2: SINGLE (Line Drive, 3D, EV 96.9 MPH)
|
|
Pitching: RHP Otok Barleyfoot
|
|
|
Batting: LHB Nelson Pelico
|
0-0: Ball 1-0: Grounds out, U3 (Groundball, 3L, EV 92.5 MPH)
|
|
Batting: RHB Jimmy McIntosh
|
0-0: Called Strike 0-1: Ball 1-1: Swinging Strike 1-2: Strikes out swinging
|
|
Batting: RHB Claude Leduc
|
0-0: Called Strike 0-1: Swinging Strike 0-2: Strikes out looking
|
| Top of the 6th over - 0 runs, 1 hit, 0 errors, 1 left on base; Missoula 5 - Bristol 7 |
| BOTTOM OF THE 6TH |
|
Bristol Pirates batting - Pitching for Missoula Osprey : RHP Ramiz JambakurIan
|
|
Batting: SHB Don Hauk
|
0-0: Ball 1-0: Ball 2-0: Ball 3-0: Base on Balls
|
|
Batting: RHB Alex Arzate
|
0-0: Ball Wild Pitch! Don Hauk to second 1-0: Ball 2-0: Foul Ball, location: 2F 2-1: SINGLE (Line Drive, 4D, EV 109.4 MPH) Don Hauk to third
|
|
Batting: LHB Josh Aerni
|
0-0: Ball 1-0: Called Strike 1-1: Ball 2-1: Reached on error, E4 (Groundball, 34S, EV 84.4 MPH) Don Hauk scores Alex Arzate to second
|
|
Batting: RHB Ricky Alvarado
|
0-0: DOUBLE (Groundball, 5L, EV 101.9 MPH) Alex Arzate scores Josh Aerni to third Runner from 3rd tries for Home, SAFE, throw by LF to home
|
|
Batting: RHB Hector Barajas
|
0-0: Ball 1-0: Swinging Strike 1-1: Ball 2-1: Called Strike 2-2: Ball 3-2: Strikes out swinging
|
|
Batting: RHB Rusty Trader
|
0-0: Foul Ball, location: 2F 0-1: Swinging Strike 0-2: Ball 1-2: Ball 2-2: Ground out 6-3 (Groundball, 6, EV 101.9 MPH)
|
|
Pitching: LHP Bobby Manning
|
|
|
Batting: LHB Kazuyoshi Ikeda
|
0-0: Ball Wild Pitch! Ricky Alvarado to third 1-0: Ball 2-0: SINGLE (Line Drive, 7S, EV 110.6 MPH) Ricky Alvarado scores
|
|
Batting: RHB Hidesuke Yoshida
|
0-0: Fly out, F8 (Flyball, 89D, EV 100.0 MPH)
|
| Bottom of the 6th over - 4 runs, 3 hits, 1 error, 1 left on base; Missoula 5 - Bristol 11 |
| TOP OF THE 7TH |
|
Missoula Osprey batting - Pitching for Bristol Pirates : RHP Otok Barleyfoot
|
|
Batting: RHB Juan Mejia
|
0-0: Called Strike 0-1: Called Strike 0-2: Strikes out looking
|
|
Batting: RHB Jose Cuellar
|
0-0: Ground out 5-3 (Groundball, 56, EV 98.8 MPH)
|
|
Pinch Hitting: RHB Edwin Romero
|
0-0: Ball 1-0: Ground out 5-3 (Groundball, 5, EV 86.9 MPH)
|
| Top of the 7th over - 0 runs, 0 hits, 0 errors, 0 left on base; Missoula 5 - Bristol 11 |
| BOTTOM OF THE 7TH |
|
Bristol Pirates batting - Pitching for Missoula Osprey : LHP Bobby Manning
|
|
Now in LF: Edwin Romero
|
|
|
Now in RF: Danny Salas
|
|
|
Batting: SHB Juan Ayala
|
0-0: Called Strike 0-1: Foul Ball, location: 2F 0-2: Ball 1-2: Strikes out swinging
|
|
Batting: SHB Don Hauk
|
0-0: Foul Ball, location: 2F 0-1: Ball 1-1: Hit by Pitch
|
|
Batting: RHB Alex Arzate
|
0-0: Called Strike 0-1: Ball 1-1: Ball 2-1: Fielders Choice at 2nd, 6-4 (Groundball, 6, EV 78.1 MPH)
|
|
Batting: LHB Josh Aerni
|
0-0: Ball Alex Arzate is caught stealing 2nd base 2-6
|
| Bottom of the 7th over - 0 runs, 0 hits, 0 errors, 0 left on base; Missoula 5 - Bristol 11 |
| TOP OF THE 8TH |
|
Missoula Osprey batting - Pitching for Bristol Pirates : RHP Otok Barleyfoot
|
|
Batting: RHB Hyeok Shon
|
0-0: Ball 1-0: Fly out, F7 (Flyball, 7, EV 79.4 MPH)
|
|
Batting: RHB Isaiah Hampton
|
0-0: Foul Ball, location: 2F 0-1: Ground out U3 (Groundball, 34, EV 85.6 MPH)
|
|
Batting: LHB Danny Salas
|
0-0: Swinging Strike 0-1: Called Strike 0-2: Ball 1-2: SINGLE (Groundball, 34D, EV 98.8 MPH)
|
|
Batting: LHB Nelson Pelico
|
0-0: Fly out, F7 (Flyball, 7, EV 87.5 MPH)
|
| Top of the 8th over - 0 runs, 1 hit, 0 errors, 1 left on base; Missoula 5 - Bristol 11 |
| BOTTOM OF THE 8TH |
|
Bristol Pirates batting - Pitching for Missoula Osprey : LHP Bobby Manning
|
|
Batting: LHB Josh Aerni
|
0-0: Foul Ball, location: 2F 0-1: Ball 1-1: Swinging Strike 1-2: Foul Ball, location: 2F 1-2: DOUBLE (Flyball, 78D, EV 102.5 MPH)
|
|
Batting: RHB Ricky Alvarado
|
0-0: Fly out, F9 (Line Drive, 89M, EV 95.6 MPH)
|
|
Batting: RHB Hector Barajas
|
0-0: Ball 1-0: Ball 2-0: Called Strike 2-1: Foul Ball, location: 2F 2-2: Foul Ball, location: 2F 2-2: SINGLE (Groundball, 6S, EV 74.4 MPH) (infield hit) Josh Aerni to third
|
|
Batting: RHB Rusty Trader
|
0-0: Foul Ball, location: 2F 0-1: Called Strike 0-2: Ball 1-2: Strikes out swinging
|
|
Batting: LHB Kazuyoshi Ikeda
|
0-0: Ball 1-0: Foul Ball, location: 2F 1-1: SINGLE (Groundball, 56D, EV 100.6 MPH) Josh Aerni scores Hector Barajas to second
|
|
Pinch Hitting: RHB Jon Solis
|
0-0: Foul Ball, location: 2F 0-1: Called Strike 0-2: Foul Ball, location: 2F 0-2: Ball 1-2: Ball 2-2: Ball 3-2: Foul Ball, location: 2F 3-2: Base on Balls Hector Barajas to third Kazuyoshi Ikeda to second
|
|
Pitching: LHP Ian Tamburrino
|
|
|
Batting: SHB Juan Ayala
|
0-0: Ball 1-0: Ground out 4-3 (Groundball, 4, EV 75.6 MPH)
|
| Bottom of the 8th over - 1 run, 3 hits, 0 errors, 3 left on base; Missoula 5 - Bristol 12 |
| TOP OF THE 9TH |
|
Missoula Osprey batting - Pitching for Bristol Pirates : RHP Otok Barleyfoot
|
|
Now in LF: Jon Solis
|
|
|
Now in CF: Don Hauk
|
|
|
Batting: RHB Jimmy McIntosh
|
0-0: Called Strike 0-1: Ball 1-1: DOUBLE (Line Drive, 78D, EV 106.2 MPH)
|
|
Batting: RHB Claude Leduc
|
0-0: Ball 1-0: Ball 2-0: Called Strike 2-1: Swinging Strike 2-2: Foul Ball, location: 2F 2-2: Fly out, F7 (Flyball, 7D, EV 93.1 MPH)
|
|
Pinch Hitting: LHB Ron Mills
|
0-0: Called Strike 0-1: Ball 1-1: Called Strike 1-2: Strikes out looking
|
|
Batting: RHB Jose Cuellar
|
0-0: Ball 1-0: Called Strike 1-1: Swinging Strike 1-2: Ball 2-2: Strikes out looking
|
| Top of the 9th over - 0 runs, 1 hit, 0 errors, 1 left on base; Missoula 5 - Bristol 12 |
|